[Event "GrandPrix_30.05"]
[Site "Chess.com"]
[Date "2020.05.30"]
[Round "4"]
[White "RussianChessFighter"]
[Black "AvitalBor"]
[Result "0-1"]
[WhiteElo "2257"]
[BlackElo "2654"]
[TimeControl "600+2"]
[EndTime "9:54:52 PDT"]
[Termination "AvitalBor won by checkmate"]

1. c4 b6 2. Nc3 e6 3. Nf3 Bb7 4. e4 Bb4 5. Qc2 Bxc3 6. dxc3 d6 7. Be2 Nd7 8. O-O Nc5 9. e5 dxe5 10. Nxe5 Qf6 11. f4 Be4 12. Qd1 Rd8 13. Qe1 Ne7 14. Be3 Nd7 15. Bd4 Nxe5 16. Bxe5 Qg6 17. Bf3 Bd3 18. Rf2 c5 19. Rd1 O-O 20. Rfd2 Rd7 21.
g3 f6 22. Bc7 Kh8 23. Be4 Qf7 24. Bxb6 axb6 25. Rxd3 Rxd3 26. Rxd3 f5 27. Bf3 Ng6 28. Rd6 e5 29. fxe5 f4 30. e6 Qf6 31. e7 Qxd6 32. e8=Q fxg3 33. Q8e4 gxh2+ 34. Kh1 Nf4 35. Qe5 Qg6 36. Be4 Qg4 37. Bd5 Nd3 38. Qe8 Qf4 39.
Q1e2 Nf2+ 40. Qxf2 Qxf2 41. Qh5 Qg1# 0-1

[Event "GrandPrix_30.05"]
[Site "Chess.com"]
[Date "2020.05.30"]
[Round "4"]
[White "dosto07"]
[Black "MiroVlasenko"]
[Result "0-1"]
[WhiteElo "1825"]
[BlackElo "2322"]
[TimeControl "600+2"]
[EndTime "9:54:52 PDT"]
[Termination "MiroVlasenko won on time"]

1. e4 c5 2. Nf3 a6 3. c4 e6 4. Nc3 b6 5. d4 cxd4 6. Nxd4 Bb7 7. Be2 Qc7 8. O-O Nf6 9. Bf3 Bd6 10. h3 Be5 11. Be3 h5 12. Qd3 Ng4 13. Rfd1 Nxe3 14. Qxe3 Nc6 15. Nxc6 dxc6 16. Rd2 Bf4 17. Qe2 Bxd2 18.
Qxd2 e5 19. Qg5 g6 20. c5 b5 21. a4 Qe7 22. Qe3 b4 23. Ne2 a5 24. Nc1 Bc8 25. Nd3 f6 26. Rd1 O-O 27. Be2 Be6 28.
f4 exf4 29. Nxf4 Bf7 30. Rd6 Rfe8 31. Bd3 Rac8 32. Qd4 Qe5 33. Qxe5 Rxe5 34. Rxf6 Kg7 35. Rd6 g5 36. Ne2 Rxc5 37. Nd4 Kf8 38. Rd7 Re5 39. Kf2 c5 40. Nf3 Re7 41. Rxe7 Kxe7 42. Nxg5 c4 43. Bc2 c3 44. bxc3 Rxc3 45. Bd1 h4 46. Nf3 Bb3 47. Be2 Bxa4 48. Nd4 Bd7 49. e5 b3 50. e6 Bxe6 51. Nb5 Rc2 52. Na3 Ra2 0-1

[Event "GrandPrix_30.05"]
[Site "Chess.com"]
[Date "2020.05.30"]
[Round "4"]
[White "gygygygygyggygygygy"]
[Black "VincentKeymer"]
[Result "0-1"]
[WhiteElo "2038"]
[BlackElo "2627"]
[TimeControl "600+2"]
[EndTime "9:55:03 PDT"]
[Termination "VincentKeymer won by resignation"]

1. e4 e6 2. d3 d5 3. Nd2 c5 4.
Ngf3 Nc6 5. g3 g6 6. Bg2 Nge7 7. O-O Bg7 8. Re1 O-O 9. Qe2 b5 10. e5 a5 11. Nf1 Bb7 12. h4 Nf5 13. Bg5 Qc7 14.
N1h2 Nfd4 15. Nxd4 Nxd4 16. Qd2 Bxe5 17. Ng4 Bg7 18. h5 f6 19. Bh6 e5 20. hxg6 hxg6 21.
f4 e4 22. Bxg7 Kxg7 23. c4 bxc4 24. dxe4 dxe4 25. Ne3 Rad8 26. Qf2 Rh8 27. Rac1 Qd7 28. g4 Nf3+ 29. Bxf3 exf3 30. Rcd1 Qc7 31. Rxd8 Rxd8 32. Qh2 Rh8 33. Qg3 Qd6 34. Rd1 Qe7 35. Kf2 Re8 36. Re1 Qd6 37. Rd1 Qc7 38. g5 f5 39. Rh1 Rxe3 40.
Kxe3 Qe7+ 41. Kd2 Qe2+ 42. Kc1 f2 43. Qc3+ Kf7 44. Rh7+ Ke6 45. Qf6+ Kd5 46. Rd7+ Ke4 47. Re7+ Kf3 48. Qc3+ Qd3 0-1

[Event "GrandPrix_30.05"]
[Site "Chess.com"]
[Date "2020.05.30"]
[Round "4"]
[White "lelajavakhishvili"]
[Black "chess_big_master"]
[Result "0-1"]
[WhiteElo "2144"]
[BlackElo "2058"]
[TimeControl "600+2"]
[EndTime "9:55:03 PDT"]
[Termination "chess_big_master won by resignation"]

1. d4 d5 2. c4 e6 3. Nf3 Nf6 4. g3 Bb4+ 5. Bd2 Bd6 6. Nc3 O-O 7. Qc2 dxc4 8. e4 e5 9. Nxe5 Bxe5 10. dxe5 Ng4 11. Bf4 Nc6 12. Bxc4 Ngxe5 13. Be2 Nb4 14.
Qd2 Qxd2+ 15. Kxd2 Rd8+ 16. Kc1 Ned3+ 17. Kb1 Nxf4 18.
gxf4 Bh3 19. Rg1 Nd3 20. Bxd3 Rxd3 21. Rg3 Rad8 22. Kc1 c6 23. a4 Be6 24. Ra3 Rd2 25. f5 Bc4 26. Rf3 R8d3 27. Rxd3 Rxd3 28. Nb1 Rxa3 29. bxa3 f6 30. Nd2 Be2 31. Kb2 Kf7 32. a5 Ke7 33. Kc3 Kd6 34. f4 Kc5 35. Nb3+ Kd6 36.
Nd4 Bf1 37. h4 g6 38. fxg6 hxg6 39. f5 g5 40. hxg5 fxg5 41. Nf3 g4 42. e5+ Kd5 43. e6 Kd6 44. Nh2 g3 45. Nf3 Be2 46. Ng1 Bg4 47. Kd4 Bxf5 48. Ne2 g2 49. Ke3 Bxe6 50. Kf2 Bd5 51.
Nc3 Kc5 0-1

[Event "GrandPrix_30.05"]
[Site "Chess.com"]
[Date "2020.05.30"]
[Round "4"]
[White "lilleper1"]
[Black "PotapovaM"]
[Result "1-0"]
[WhiteElo "2405"]
[BlackElo "2177"]
[TimeControl "600+2"]
[EndTime "9:55:06 PDT"]
[Termination "lilleper1 won by resignation"]

1. d4 Nf6 2. c4 e6 3. Nf3 d5 4. g3 dxc4 5. Bg2 a6 6. O-O Nc6 7. Nbd2 Nxd4 8. Nxc4 Nxf3+ 9. Bxf3 Qxd1 10. Rxd1 Be7 11.
Na5 Nd5 12. e4 Nb4 13. Bf4 c5 14. Nc4 Bd7 15. Nb6 Rd8 16. Bc7 Bc6 17. Bxd8 Bxd8 18. Nc4 Nc2 19. Rab1 Nd4 20. Bg2 Ke7 21. Ne5 Ba4 22.
b3 Be8 23. Rb2 f6 24. Nd3 b6 25.
Rc1 e5 26. b4 Bb5 27. Bf1 c4 28. Ne1 Bc6 29. Bxc4 Bxe4 30. Bxa6 h5 31. Bf1 b5 32. Bg2 f5 33. Bxe4 fxe4 34. Rc5 Kd6 35. Nc2 Bb6 36.
Nxd4 exd4 37. Rxb5 Kc6 38. Re5 d3 39. Re6+ Kb7 40.
Rxe4 Rd8 41. Rd2 Kc6 42. a4 Bd4 43. Rxd3 Bxf2+ 44. Kxf2 Rxd3 45. Re6+ Kd5 46. Rg6 Kc4 47. b5 Kb4 48. b6 Kxa4 49. b7 Rb3 50. Ra6+ Kb5 51. b8=Q+ 1-0

[Event "GrandPrix_30.05"]
[Site "Chess.com"]
[Date "2020.05.30"]
[Round "4"]
[White "Tyoma88888"]
[Black "Vesper2018"]
[Result "0-1"]
[WhiteElo "2106"]
[BlackElo "1975"]
[TimeControl "600+2"]
[EndTime "9:55:08 PDT"]
[Termination "Vesper2018 won by resignation"]

1. e4 c5 2. Nc3 d6 3. f4 g6 4. Nf3 Bg7 5. Bc4 Nc6 6. O-O e6 7. d4 cxd4 8. Nb5 Nge7 9. Bb3 O-O 10. Nbxd4 a6 11. c3 Bd7 12. Be3 Na5 13. Rf2 Nxb3 14.
axb3 e5 15. Ne2 Bc6 16. Ng3 Qc7 17. Rd2 Rad8 18. Qe2 Nc8 19. Rad1 exf4 20. Bxf4 Qb6+ 21. Qf2 Qxb3 22. e5 d5 23. Nd4 Qb6 24. Re1 Rde8 25. h4 h5 26. Rde2 Bd7 27. Bg5 Bg4 28. Re3 f6 29.
exf6 Rxe3 30. Qxe3 Bxf6 31. Rf1 Bxg5 32. Rxf8+ Kxf8 33. Qxg5 Ne7 34. b4 Qd6 35. Qe3 Kf7 36. Nge2 Ng8 37.
Nf3 Bxf3 38. Qxf3+ Nf6 39. Nf4 Qe5 40. Nd3 Qxc3 41.
Qe3 Qa1+ 42. Ne1 Ng4 43. Qf3+ Kg7 44. Qg3 Qd4+ 45. Kh1 Qxb4 46. Qc7+ Kh6 47. Nf3 Nf2+ 48. Kh2 Ne4 49. Qd8 Qd6+ 50. Qxd6 Nxd6 51. Nd4 b5 52. Kg3 Nf5+ 53. Kf4 0-1

[Event "GrandPrix_30.05"]
[Site "Chess.com"]
[Date "2020.05.30"]
[Round "4"]
[White "DrVelja"]
[Black "Rikikits"]
[Result "0-1"]
[WhiteElo "2254"]
[BlackElo "2653"]
[TimeControl "600+2"]
[EndTime "9:55:17 PDT"]
[Termination "Rikikits won by resignation"]

1. e4 e6 2. d4 d5 3. e5 c5 4. c3 Nc6 5. Nf3 Bd7 6. Bd3 Qc7 7. O-O f6 8. Re1 fxe5 9. dxe5 O-O-O 10. b4 Nh6 11. b5 Na5 12. a4 Nf7 13. Nbd2 g5 14.
c4 g4 15. cxd5 gxf3 16. d6 Nxd6 17. exd6 Bxd6 18. Nxf3 Rhg8 19. Bb2 Kb8 20. Rc1 Bc8 21. Be5 c4 22. Qc2 Bxe5 23. Nxe5 Rxd3 24. Nxd3 Qg7 25. Nf4 e5 26. Qd2 exf4 27. Qxf4+ Qc7 28. Qxc7+ Kxc7 29. Re7+ Kb6 30. Rxh7 Bf5 31. Rh6+ Rg6 32. Rxg6+ Bxg6 33. g4 Kc5 34. h4 Nb3 35. Re1 c3 36. h5 Bd3 37. f4 c2 38. f5 Be2 39. h6 Bd1 40.
Re8 Kc4 41. Rc8+ Nc5 42. h7 c1=Q 43. h8=Q Qe3+ 44. Kg2 Qf3+ 45. Kh2 Qe2+ 46. Kh1 Qe4+ 47. Kh2 Qf4+ 48. Kg2 Qxg4+ 49. Kh2 Qf4+ 50. Kg2 Bf3+ 51.
Kh3 Qg4+ 0-1

[Event "GrandPrix_30.05"]
[Site "Chess.com"]
[Date "2020.05.30"]
[Round "4"]
[White "Evgeny81"]
[Black "Durarbayli"]
[Result "0-1"]
[WhiteElo "2400"]
[BlackElo "2574"]
[TimeControl "600+2"]
[EndTime "9:55:26 PDT"]
[Termination "Durarbayli won on time"]

1. d4 Nf6 2. c4 e6 3. Nc3 Bb4 4. e3 O-O 5. Nf3 d5 6. Bd3 c5 7. cxd5 Nxd5 8. O-O cxd4 9. exd4 h6 10. Bc2 Nd7 11.
Nxd5 exd5 12. Ne5 Re8 13. Qd3 Nf8 14. Bf4 Be6 15. Ba4 Re7 16. Qg3 Qa5 17. Bb3 Bd2 18.
Rad1 Bxf4 19. Qxf4 Qb6 20. Rfe1 a5 21. Nd3 Ng6 22. Qf3 Qxd4 23. h3 Rd8 24. Qg3 Qf6 25. Nc5 b6 26. Nd3 Bf5 27. Rxe7 Qxe7 28. Re1 Be6 29. Ne5 Nxe5 30. Qxe5 Qd6 31. Qd4 Qc5 32. Qe5 Kf8 33. h4 Qd6 34. Qd4 Qc5 35. Qd3 Kg8 36.
Bc2 Qb4 37. Qh7+ Kf8 38. Re3 Qxb2 39. Rf3 Ke7 40. Qd3 Qa1+ 41. Kh2 Qe5+ 42. g3 d4 43. Rf4 Qc5 44. Qe4 Qd5 45. Qd3 Qxa2 46. Qe4 Qd5 47. Qd3 Qc4 48. Qe4 d3 49. Qb7+ Rd7 0-1

[Event "GrandPrix_30.05"]
[Site "Chess.com"]
[Date "2020.05.30"]
[Round "4"]
[White "Paulz64"]
[Black "ninullia"]
[Result "1/2-1/2"]
[WhiteElo "2192"]
[BlackElo "2294"]
[TimeControl "600+2"]
[EndTime "9:55:26 PDT"]
[Termination "Game drawn by repetition"]

1. d4 d5 2. c4 e6 3. Nc3 Nf6 4. Bg5 Bb4 5. e3 O-O 6. Nf3 b6 7. cxd5 Qxd5 8. Bxf6 gxf6 9. Bd3 Bb7 10. O-O Qh5 11.
Be4 c6 12. Nd2 Qh6 13. Rc1 f5 14. Bf3 Nd7 15. Qa4 Bd6 16. g3 a6 17. Qb3 Rab8 18.
Rfd1 Kh8 19. Nc4 Bc7 20. Bg2 Ba8 21. Ne2 Nf6 22. Ne5 Bxe5 23. dxe5 Ng4 24. h3 Nxe5 25. Qc3 Qg7 26. Nf4 Ng6 27. Qxg7+ Kxg7 28. Bxc6 Nxf4 29.
exf4 Bxc6 30. Rxc6 Rfc8 31. Rdd6 Rxc6 32. Rxc6 Kf6 33. Kg2 a5 34. Kf3 Rb7 35. g4 fxg4+ 36. hxg4 h6 37. Ke3 b5 38. Rc5 a4 39. Ke4 b4 40. Ke3 Rb8 41. Rc4 Rb5 42. Ke4 Kg6 43. f3 h5 44. gxh5+ Kxh5 45. Rc7 Kg6 46. Ra7 b3 47. a3 Rc5 48. Rxa4 Rc2 49. Rb4 Rxb2 50. f5+ exf5+ 51. Kf4 Rb1 52. Rb6+ f6 53. Rb8 b2 54.
Rg8+ Kf7 55. Rb8 Kg6 56. Rg8+ Kf7 57. Rb8 Kg6 1/2-1/2

[Event "GrandPrix_30.05"]
[Site "Chess.com"]
[Date "2020.05.30"]
[Round "4"]
[White "VerdeNotte"]
[Black "mishikomchedlishvili"]
[Result "0-1"]
[WhiteElo "2656"]
[BlackElo "2554"]
[TimeControl "600+2"]
[EndTime "9:55:27 PDT"]
[Termination "mishikomchedlishvili won by resignation"]

1. e4 c6 2. d4 d5 3. e5 Bf5 4. h4 Qb6 5. Nc3 h6 6. h5 e6 7. a3 c5 8. Nf3 Nc6 9. Na4 Qa5+ 10.
Bd2 Qxa4 11. b3 Bxc2 12. Qxc2 Nxd4 13. Nxd4 Qxd4 14. Bb5+ Kd8 15. Bc3 Qg4 16. g3 Qg5 17. Rd1 Kc8 18. Bd4 Kb8 19. Be3 Qd8 20. O-O a6 21. Bd3 Ne7 22. Bxc5 Nc6 23. Rfe1 Bxc5 24. Qxc5 Qe7 25. Qc1 Rc8 26. Qf4 Rc7 27. b4 Qg5 28. Qxg5 hxg5 29. f4 gxf4 30. gxf4 Ka7 31. Kf2 Rh8 32.
Rh1 Rh6 33. Rdg1 f6 34. exf6 Rxf6 35. Ke3 e5 36. fxe5 Nxe5 37. Be2 Re7 38. Kd2 Rf2 39.
Kd1 Nc4 40. Bxc4 dxc4 41. Rh3 Ra2 42. Rg4 Rf7 43. Ke1 Re7+ 44. Kd1 Rd7+ 45. Ke1 Rc2 46. Rhg3 Rd5 47. Rg5 Rdd2 48. Rxg7 Rh2 49. Kd1 Ra2 50. Rg2 Raxg2 51. Rxg2 Rxg2 0-1

[Event "GrandPrix_30.05"]
[Site "Chess.com"]
[Date "2020.05.30"]
[Round "4"]
[White "Ave_Mariia"]
[Black "Andrei_Belozerov"]
[Result "0-1"]
[WhiteElo "2199"]
[BlackElo "2465"]
[TimeControl "600+2"]
[EndTime "9:55:31 PDT"]
[Termination "Andrei_Belozerov won by checkmate"]

1. c4 e5 2. Nc3 Bb4 3. g3 Bxc3 4. dxc3 d6 5. Bg2 Ne7 6. Nf3 O-O 7. e4 Be6 8. Nd2 Nd7 9. O-O a5 10. a4 Nc5 11. b4 Nd3 12. Qc2 Nxc1 13. Rfxc1 axb4 14. cxb4 Nc6 15. Qb2 b6 16. c5 dxc5 17. bxc5 Qd4 18.
Qxd4 Nxd4 19. Bf1 Rfd8 20. cxb6 cxb6 21. Rab1 Rxa4 22. Rxb6 g6 23. Kg2 Ra2 24. Nc4 Nc2 25. Nxe5 Rd2 26. Kg1 Nd4 27. Nd3 Kg7 28. Rbb1 Bg4 29.
Ra1 Bf3 30. Rxa2 Rxa2 31. Ne5 Bxe4 32. Rc4 Rd2 33. Bd3 Bxd3 34. Rxd4 Rd1+ 35. Kg2 Bf1+ 36.
Kg1 Rxd4 37. Kxf1 f6 38. Nf3 Rd3 39. Kg2 Rc3 40. Nd4 Kf7 41. h4 Rd3 42. Nf3 Ke6 43. Ne1 Rc3 44. Nf3 Kd5 45. Nd2 Kd4 46. Kf1 Kd3 47. Nf3 Rc1+ 48. Kg2 Rd1 49. Nh2 Ke2 50. Ng4 Rf1 51. f4 f5 52. Nf6 Rf2+ 53. Kh3 Kf1 54.
Nd5 Kg1 55. g4 Rf3# 0-1

[Event "GrandPrix_30.05"]
[Site "Chess.com"]
[Date "2020.05.30"]
[Round "4"]
[White "BlackBoarder"]
[Black "caspiwins"]
[Result "1/2-1/2"]
[WhiteElo "2168"]
[BlackElo "2246"]
[TimeControl "600+2"]
[EndTime "9:55:31 PDT"]
[Termination "Game drawn - insufficient material"]

1. e4 d5 2. exd5 Qxd5 3. Nf3 Bg4 4. Nc3 Qe6+ 5. Qe2 Qxe2+ 6. Bxe2 c6 7. d3 Nd7 8. Bf4 Ngf6 9. O-O-O h6 10. Rhe1 O-O-O 11. h3 Bh5 12. g4 Bg6 13. Bg3 e6 14. a3 Be7 15. Bf1 h5 16. g5 Nh7 17. h4 Bf5 18. Nd4 g6 19. Nxf5 gxf5 20. Bh3 Bc5 21. Ne2 Nhf8 22. d4 Bb6 23. Nf4 Bc7 24. c4 Bxf4+ 25. Bxf4 Ng6 26. Bg3 f4 27. Bh2 c5 28. d5 e5 29. Bf5 Nxh4 30. Rxe5 Nf3 31. Bxf4 Nxe5 32. Bxe5 f6 33. Bxf6 Rhf8 34. Bxd8 Rxf5 35. Be7 Rxf2 36. Rh1 Ne5 37. Bf6 Nxc4 38. Rxh5 Ne3 39. Bc3 Rg2 40. Rh8+ Kc7 41. Rh7+ Kb6 42. d6 Rg1+ 43. Kd2 Nc4+ 44.
Ke2 Nxd6 45. Rh6 Kc6 46. Be5 Kd5 47. Bxd6 Rxg5 48. Kd3 b5 49. Bf4 c4+ 50. Kc3 Rf5 51.
Be3 Rf3 52. Kd2 a5 53. Rb6 Ke4 54. Re6+ Kd5 55. Re8 b4 56. Kc2 Rg3 57. Bd2 bxa3 58. bxa3 Rxa3 59. Kb2 Rb3+ 60. Ka2 a4 61. Ra8 c3 62.
Bc1 Rb4 63. Ba3 Rc4 64. Kb1 c2+ 65. Kc1 Kd4 66. Bb2+ Kd3 67. Rd8+ Ke3 68. Rd7 Ke4 69.
Kd2 a3 70. Bxa3 Rd4+ 71. Rxd4+ Kxd4 72. Kxc2 1/2-1/2

[Event "GrandPrix_30.05"]
[Site "Chess.com"]
[Date "2020.05.30"]
[Round "4"]
[White "Arm-Akiba"]
[Black "Martin_Petrov2000"]
[Result "0-1"]
[WhiteElo "2699"]
[BlackElo "2276"]
[TimeControl "600+2"]
[EndTime "9:55:39 PDT"]
[Termination "Martin_Petrov2000 won by resignation"]

1. d4 Nf6 2. c4 e6 3. Nf3 b6 4.
g3 Ba6 5. b3 Bb4+ 6. Bd2 Be7 7.
Bg2 O-O 8. O-O d5 9. cxd5 exd5 10.
Nc3 Re8 11. Bg5 Nbd7 12. Rc1 Nf8 13. Ne5 Bb7 14. e3 Ne6 15. Bxf6 Bxf6 16. f4 a6 17. g4 Rc8 18. g5 Be7 19. Qg4 c5 20.
Nxf7 Kxf7 21. Qf5+ Kg8 22. Qxe6+ Kh8 23. Nxd5 cxd4 24.
Rxc8 Bxc8 25. Qxb6 Qxb6 26. Nxb6 dxe3 27. Nxc8 Bc5 28.
b4 Bd4 29. Bb7 e2+ 30. Kg2 exf1=Q+ 31. Kxf1 Rf8 32. Bxa6 Rxf4+ 33. Ke2 Be5 34. b5 Ra4 35.
h3 Kg8 36. Bb7 Rxa2+ 37. Kd3 Ra3+ 38. Ke4 Bb8 39. Bd5+ Kf8 40. Be6 Ke8 41. Nb6 Ke7 42.
Bg4 Rb3 43. Nc8+ Kd8 44. b6 Rb5 45. Kd4 Rxg5 46. b7 h5 47. Be6 Rb5 48. Bd5 g5 49. Kc4 Rb1 50. Be4 Rb2 51. Kc3 Rh2 52. Bf5 Rf2 53. Be6 Rf6 54. Bd5 g4 55. hxg4 hxg4 56.
Kd3 g3 57. Ke3 Rf5 58. Bc6 Rf6 59. Bd5 Rf1 60. Nb6 Ba7 61. Ke2 Rf2+ 62. Ke1 Kc7 63. Nc8 Bc5 0-1

[Event "GrandPrix_30.05"]
[Site "Chess.com"]
[Date "2020.05.30"]
[Round "4"]
[White "Funo09"]
[Black "GMMarcinDziuba"]
[Result "1-0"]
[WhiteElo "2696"]
[BlackElo "2542"]
[TimeControl "600+2"]
[EndTime "9:55:43 PDT"]
[Termination "Funo09 won by resignation"]

1. e4 c6 2. Nc3 d5 3. Nf3 Bg4 4. h3 Bxf3 5. gxf3 e6 6. d4 Nf6 7. Rg1 g6 8. Bg5 Be7 9. Qd2 Nbd7 10. O-O-O Nh5 11. Bxe7 Kxe7 12. Re1 Nb6 13. Be2 Qc7 14. Rg4 Nf6 15. Rg5 h6 16. Rgg1 Nh5 17. Rg4 Rad8 18. Qe3 Nf6 19. Rgg1 Nh5 20. Rg4 g5 21. h4 Nf6 22.
Rgg1 gxh4 23. e5 Nfd7 24. Qf4 Rdf8 25. Qxh4+ Ke8 26. f4 Qd8 27. Qh3 Qe7 28. f5 Kd8 29. a3 Kc7 30. f6 Qe8 31. Rg7 a6 32. f4 c5 33. Qe3 cxd4 34. Qxd4 Kb8 35. Bh5 Na8 36.
f5 Nc7 37. fxe6 Nxe6 38. Qxd5 Nb6 39. Qd6+ Ka7 40. Kb1 Ng5 41. Qc5 Qe6 42. Na4 Rhg8 43. Rd1 Qc6 44. Qxc6 bxc6 45. Nc5 Rxg7 46. fxg7 Rg8 47.
Rd6 Rxg7 48. Rxc6 Nh3 49. Rc7+ Kb8 50. Rb7+ Kc8 51. Rxb6 Nf4 52. Rxh6 Rg1+ 53. Ka2 Kc7 54. Bxf7 Ne2 55. Nd3 Nd4 56. Bb3 Ne2 57. Rxa6 Rd1 58.
a4 Kb7 59. Rh6 Nd4 60. e6 Nc6 61. e7 1-0

[Event "GrandPrix_30.05"]
[Site "Chess.com"]
[Date "2020.05.30"]
[Round "4"]
[White "Bulldog167"]
[Black "mishanick"]
[Result "0-1"]
[WhiteElo "2477"]
[BlackElo "2937"]
[TimeControl "600+2"]
[EndTime "9:55:43 PDT"]
[Termination "mishanick won on time"]

1. d4 Nf6 2. Nf3 d5 3. g3 c6 4. Bg2 g6 5. O-O Bg7 6. Nbd2 O-O 7. c3 Bf5 8. Nh4 Bg4 9. h3 Bc8 10. Kh2 Nbd7 11. f4 c5 12. e3 e6 13. Nhf3 b5 14. g4 b4 15. Ne5 Ba6 16. Rf2 bxc3 17. bxc3 cxd4 18. cxd4 Nxe5 19. fxe5 Nd7 20. Ba3 Re8 21. Qa4 Bd3 22. Rc1 Nb6 23. Qb3 Bc4 24.
Nxc4 Nxc4 25. Qb7 Kh8 26. Rxc4 Rb8 27. Qxa7 dxc4 28. Rxf7 Rg8 29. Be7 Qb6 30. Qd7 Qb5 31. Qxe6 Rb6 32. Bd6 c3 33. Rc7 Qa6 34. Rxc3 Rb2 35.
Qd5 Rd8 36. a3 Bf8 37. Qf3 Bg7 38. Rc7 Rg8 39. Be7 Qa5 40. Rc6 Qe1 41. Bf6 Rf2 42.
Bxg7+ Rxg7 43. Rc8+ Rg8 44. Rxg8+ Kxg8 45. Qd5+ Kg7 46. e6 Qxe3 47. Qd7+ Kh6 48. Qe7 Qf4+ 49. Kg1 Qg3 50. g5+ Kh5 51. Qxh7+ Kxg5 52. Qe7+ Kh6 53.
Qb7 Re2 54. Qf3 Re1+ 0-1

[Event "GrandPrix_30.05"]
[Site "Chess.com"]
[Date "2020.05.30"]
[Round "4"]
[White "Arasvard"]
[Black "DenisQ"]
[Result "1/2-1/2"]
[WhiteElo "2020"]
[BlackElo "2175"]
[TimeControl "600+2"]
[EndTime "9:55:45 PDT"]
[Termination "Game drawn - insufficient material"]

1. d4 Nf6 2. c4 g6 3. f3 d5 4. cxd5 Nxd5 5. e4 Nb6 6. Nc3 Bg7 7. Be3 Nc6 8. d5 Ne5 9. Bd4 O-O 10. f4 Ng4 11.
Bxg7 Kxg7 12. Nf3 c6 13. dxc6 bxc6 14. h3 Ne3 15. Qxd8 Rxd8 16. Kf2 Nxf1 17. Rhxf1 Bb7 18. Rfd1 c5 19. b3 a5 20. Rac1 Rxd1 21. Nxd1 Bxe4 22.
Rxc5 a4 23. b4 a3 24. Nc3 Bf5 25. Nd4 Bd7 26. Ke3 f6 27. Rc7 Kf7 28. Rb7 Nc4+ 29. Kd3 Nb2+ 30. Kc2 Rd8 31. b5 Bxh3 32. Nc6 Bf5+ 33.
Kb3 Rd3 34. Rxe7+ Kf8 35. Rxh7 Nd1 36. Kxa3 Nxc3 37. Kb4 Nxa2+ 38. Kc5 Nc3 39. b6 Na4+ 40. Kb5 Nxb6 41. Kxb6 Rd2 42. g3 Rd3 43. Kc7 Rxg3 44. Nd4 Rg4 45. Nxf5 gxf5 46. Kd6 Kg8 47. Ra7 Rg7 48.
Ra8+ Kh7 49. Ke6 Kg6 50. Ra1 Rb7 51. Rg1+ Kh7 52. Kxf6 Rb6+ 53. Kxf5 Rb5+ 54. Ke4 Rb4+ 55. Ke5 Rb5+ 56. Ke6 Rb6+ 57. Kd7 Rb7+ 58. Kd6 Rb6+ 59. Kd7 Rb7+ 60. Kd8 Rb4 61. Rf1 Kg6 62. Ke7 Kf5 63. Kf7 Rxf4 64. Rxf4+ Kxf4 1/2-1/2

[Event "GrandPrix_30.05"]
[Site "Chess.com"]
[Date "2020.05.30"]
[Round "4"]
[White "Tesla37"]
[Black "aleksandrovaleksei"]
[Result "0-1"]
[WhiteElo "2723"]
[BlackElo "2553"]
[TimeControl "600+2"]
[EndTime "9:55:54 PDT"]
[Termination "aleksandrovaleksei won by resignation"]

1. e4 e5 2. Nf3 Nc6 3. Bc4 Bc5 4. c3 Nf6 5. d3 d6 6. O-O h6 7. a4 a6 8. Nbd2 O-O 9. h3 Re8 10. Re1 Be6 11. Bxe6 Rxe6 12. b4 Ba7 13. Nc4 d5 14. Ncd2 d4 15. cxd4 Bxd4 16. Rb1 Bc3 17. b5 axb5 18.
Rxb5 Rd6 19. Rxb7 Rxd3 20. Qc2 Nb4 21. Qb1 Rxa4 22. Nxe5 Ra1 23. Qb3 Bxe5 24. Qxb4 Kh7 25. Qb5 Bc3 26. e5 Ne4 27. Rb8 Qd5 28. Qe8 Bxd2 29. e6 Qxe6 30. Qxe6 fxe6 31. Bxd2 Rxe1+ 32.
Bxe1 Kg6 33. Kf1 Rd6 34. Ke2 Rc6 35. Kd3 Rc1 36. Ke2 Nc3+ 37. Bxc3 Rxc3 38. Rd8 Rc2+ 39. Ke3 h5 40. Rd7 Kf6 41. h4 g6 42. g3 c5 43. Rc7 Rc3+ 44. Ke4 Rc4+ 45. Ke3 Kf5 46. Rf7+ Ke5 47. Rg7 Rc3+ 48. Kd2 Rf3 49. Rxg6 Rxf2+ 50. Ke3 Rf5 51. g4 hxg4 52. Rxg4 Kd5 53. Rg3 c4 54. Rh3 Rh5 55. Kd2 Kd4 56. Kc2 e5 57.
Kd2 e4 58. Rh1 Ra5 59. Rh3 e3+ 60. Ke2 Ra2+ 61. Kf3 Kd3 62. h5 Rf2+ 63. Kg4 Rf8 64. h6 Kd2 65. h7 e2 0-1

[Event "GrandPrix_30.05"]
[Site "Chess.com"]
[Date "2020.05.30"]
[Round "4"]
[White "Bacyanide"]
[Black "ValeriyGrinev"]
[Result "1-0"]
[WhiteElo "2446"]
[BlackElo "2141"]
[TimeControl "600+2"]
[EndTime "9:56:03 PDT"]
[Termination "Bacyanide won by resignation"]

1. d4 Nf6 2. Nf3 g6 3. c4 Bg7 4. Nc3 d5 5. cxd5 Nxd5 6. e4 Nxc3 7. bxc3 c5 8. Be3 Qa5 9. Bd2 O-O 10. d5 Bxc3 11. Rc1 Bxd2+ 12. Nxd2 b6 13. h4 Nd7 14. h5 Nf6 15. hxg6 fxg6 16. Bd3 Ba6 17. Qc2 Ng4 18. O-O Ne5 19. Bxa6 Qxa6 20. Rce1 Qd3 21. Qb2 Qd4 22. Qxd4 cxd4 23. Rd1 g5 24. Nb3 d3 25. Nc1 Rac8 26. Nxd3 Nxd3 27. Rxd3 Rc2 28. a3 Re2 29. Rg3 h6 30. f4 Rxe4 31. fxg5 Rxf1+ 32. Kxf1 h5 33. Rh3 Rd4 34. Rxh5 Rxd5 35. Rh3 Rxg5 36. Rd3 Ra5 37. Kf2 Ra4 38. Kf3 Kf7 39. g4 Kf6 40. Kg3 b5 41.
Rf3+ Kg6 42. Kh4 a6 43. Re3 Kf6 44. Rf3+ Kg6 45. Re3 e5 46. Rxe5 Rxa3 47. Re6+ Kf7 48. Rb6 Ra1 49. Kh5 Ke7 50. g5 Kd7 51. g6 Kc7 52. Rf6 Rh1+ 53. Kg5 Rg1+ 54. Kh6 Rh1+ 55. Kg7 a5 56. Kf7 Rg1 57. g7 Rxg7+ 58. Kxg7 a4 59.
Kg6 a3 60. Ra6 Kb7 61. Rxa3 Kc6 62. Kf5 Kc5 63. Ke4 Kc4 64. Ra8 b4 65. Rc8+ Kb3 66.
Kd3 Kb2 67. Rb8 Kb3 68. Kd2 Ka3 69. Kc2 1-0

[Event "GrandPrix_30.05"]
[Site "Chess.com"]
[Date "2020.05.30"]
[Round "4"]
[White "Natalya_Buksa"]
[Black "Margency"]
[Result "0-1"]
[WhiteElo "2062"]
[BlackElo "2196"]
[TimeControl "600+2"]
[EndTime "9:56:08 PDT"]
[Termination "Margency won by resignation"]

1. d4 d5 2. Nc3 Nf6 3. Bf4 c5 4. e3 cxd4 5. exd4 a6 6. Nf3 Nc6 7.
Ne5 Bd7 8. Be2 e6 9. O-O Be7 10. Nxd7 Qxd7 11. Qd2 O-O 12. a3 Rfc8 13. Rac1 b5 14. Nd1 Ne4 15. Qe3 Na5 16. Bd3 Nc4 17. Qh3 g6 18. f3 Ned6 19. c3 a5 20. Rc2 Bf6 21. Nf2 b4 22. axb4 axb4 23. Ng4 Bg7 24. Qh4 Ne8 25. Bxc4 dxc4 26. Be5 h5 27. Bxg7 Kxg7 28.
Ne5 Qd5 29. Qe7 Nd6 30. Re1 Re8 31. Qc7 Ra2 32. Ree2 Rea8 33. Qe7 R2a7 34. Qg5 Ra1+ 35. Kf2 Nf5 36. g3 Rh1 37. Kg2 Raa1 38. Kh3 Rag1 39.
Rg2 Re1 40. Rge2 Rb1 41. Rg2 bxc3 42. bxc3 Rb8 43. Ra2 Rhb1 44. Ra7 R1b7 45. Rga2 Rxa7 46. Rxa7 Rb7 47. Ra8 Rc7 48. Re8 Qd6 49. Rd8 Qa3 50.
Qd2 Qa1 51. Nd7 Qf1+ 52. Qg2 Qd3 53. Nc5 Rxc5 54. dxc5 Qxd8 55. Qe2 Qd5 56. Qf2 e5 57. Kg2 e4 58. Kh3 exf3 59. c6 Qxc6 60. Qd2 Qe6 61. g4 Nh6 62. Qd4+ Kh7 63. Kg3 Qxg4+ 64. Qxg4 hxg4 0-1

[Event "GrandPrix_30.05"]
[Site "Chess.com"]
[Date "2020.05.30"]
[Round "4"]
[White "Azatic"]
[Black "Thor736"]
[Result "1-0"]
[WhiteElo "2398"]
[BlackElo "2101"]
[TimeControl "600+2"]
[EndTime "9:56:11 PDT"]
[Termination "Azatic won on time"]

1. e4 c5 2. Nf3 d6 3. d4 cxd4 4.
Nxd4 Nf6 5. Nc3 a6 6. Be3 e5 7. Nb3 Be6 8. Qd2 Nbd7 9. O-O-O Rc8 10. Kb1 b5 11. f4 Be7 12. Bd3 O-O 13. f5 Bc4 14. h3 b4 15. Ne2 Bxd3 16. Qxd3 Qc7 17.
g4 Qc4 18. Ng3 h6 19. Rhg1 Qxd3 20. Rxd3 Rfd8 21. h4 Nxg4 22. Nh5 Nxe3 23. Rxg7+ Kf8 24. Rxe3 Nf6 25. Reg3 Ke8 26. Nxf6+ Bxf6 27. Rh7 Ke7 28.
h5 Rg8 29. Rg6 Bg5 30. Na5 Kf8 31. Rxd6 Rd8 32. Nc4 Rxd6 33. Nxd6 Rg7 34. Rxg7 Kxg7 35. c4 bxc3 36. bxc3 Be3 37. Kc2 Kf6 38. Kd3 Bc5 39. Nb7 Be7 40. Kc4 Kg5 41. Kd5 Kxh5 42. Kxe5 Kg4 43.
f6 Ba3 44. Nd8 h5 45. Nxf7 h4 46. Nh6+ Kf3 47. Kf5 h3 48. Ng4 Bd6 49. c4 Kg3 50. c5 Bxc5 51. e5 Bd4 52. e6 Bxf6 53. Nxf6 h2 54.
Ne4+ Kg2 55. e7 h1=Q 56. e8=Q Qf1+ 57. Ke5 Qa1+ 58. Kf4 Qxa2 59. Qg6+ Kf1 60. Qb6 1-0